 Dungeon Crawl Stone Soup version 0.29-a0-275-g389c0b56f3 (webtiles) character file.

Game seed: 6745218872259602556

49 spaghetti the Chopper (level 3, 0/34 HPs)
             Began as a Naga Chaos Knight on Mar 12, 2022.
             Was a Plaything of Xom.
             Slain by a hornet (5 damage)
             ... on level 2 of the Dungeon.
             The game lasted 00:02:54 (1280 turns).

spaghetti the Chopper (Naga Chaos Knight)           Turns: 1280, Time: 00:02:56

Health: 0/34       AC:  5    Str: 16    XL:     3   Next: 75%
Magic:  3/3        EV:  9    Int: 12    God:    Xom [..*...]
Gold:   42         SH:  0    Dex: 10    Spells: 2/2 levels left

rFire   . . .      SeeInvis +   a - +1 hand axe (chaos) {axe}
rCold   . . .      Faith    .   (no shield)
rNeg    . . .      Spirit   .   b - +2 leather armour
rPois   +          Reflect  .   l - +0 helmet
rElec   .          Harm     .   (no cloak)
rCorr   .          Rampage  .   (no gloves)
Will    .....                   (no barding)
Stlth   +.........              (no amulet)
HPRegen 0.11/turn               (no ring)
MPRegen 0.08/turn               (no ring)

@: very slow
A: AC +1, large, see invisible, deformed body, poison resistance, slowness 2,
spit poison 1, naga tail 1
a: Spit Poison, Renounce Religion


You were on level 2 of the Dungeon.
You worshipped Xom.
You were a toy of Xom.
You visited 1 branch of the dungeon, and saw 2 of its levels.

You collected 42 gold pieces.


Innate Abilities, Weirdness & Mutations

Your serpentine skin is tough. (AC +1)
You have supernaturally acute eyesight. (SInv)
Armour fits poorly on your strangely shaped body.
Your system is resistant to poisons. (rPois)
You cover ground very slowly.
You can spit poison.
You have a snake-like lower body.


   Skills:
 - Level 3.0 Fighting
 + Level 4.6 Axes
 - Level 1.5 Armour
 - Level 0.7 Dodging


You had 2 spell levels left.
You didn't know any spells.
Your spell library contained the following spells:

 Spells                   Type           Power      Damage    Failure   Level
 Ignite Poison            Fire/Tmut/Pois 0%         N/A       77%         3
 Mephitic Cloud           Conj/Pois/Air  0%         N/A       77%         3
 Summon Guardian Golem    Hex/Summ       0%         N/A       77%         3
 Fireball                 Conj/Fire      0%         3d3       100%        5
 Freezing Cloud           Conj/Ice/Air   0%         6-21      100%        5
 Starburst                Conj/Fire      0%         6d3       100%        6
 Orb of Destruction       Conj           0%         9d5       100%        7
 Spellforged Servitor     Conj/Summ      0%         N/A       100%        7
 Ignition                 Fire           0%         3d3       100%        8

Inventory:

Hand Weapons
 a - a +1 hand axe of chaos (weapon) {axe}
Missiles
 h - 73 stones {throwing}
 i - 4 poisoned darts {throwing}
Armour
 b - a +2 leather armour (worn)
 l - a +0 helmet (worn)
   (You found it on level 2 of the Dungeon)
Scrolls
 d - a scroll of amnesia {unknown}
 g - a scroll of acquirement
 j - a scroll of torment {!r}
 k - 2 scrolls of identify {unknown}
Potions
 e - a potion of might {unknown}
 f - a potion of flight {unknown}
Miscellaneous
 c - a piece from Xom's chessboard (inert) (quivered)

Dungeon Overview and Level Annotations

Branches:
Dungeon (2/15)

Altars:

.....# #...... .....#
#...... .....## ......#
......# ......########
......#......#
......#......#########..
......'.........@K......
.....##......##..y###.##
#######......##..##
#......##...?
#......###.### #......#
#.. #......# ####
########


You could see a hornet (fast) and a kobold.


Message History

You hit the hobgoblin.
You kill the hobgoblin!
You barely miss the goblin. The goblin closely misses you.
You slash the ball python! You freeze the ball python.
You kill the ball python!
You hit the goblin. You burn the goblin.
You kill the goblin!
Your piece from Xom's chessboard (1/15) has regained one charge.
k - 2 scrolls labelled HYOSAL XYUN (gained 1)
You see here a ball python corpse.
There is an open door here.
You see here a +0 helmet.
l - a +0 helmet You aren't wearing any rings or amulets.
Unknown command.
You start putting on your armour.
You continue putting on your +0 helmet. x4
You finish putting on your +0 helmet.
As you read the scroll labelled ODDOOM CEGU, it crumbles to dust.
It is a scroll of enchant weapon.
Your +0 hand axe of chaos {axe} glows red for a moment.
There is an open door here.
You see here a +0 club {mace}.
f - a bubbling brown potion You now have 42 gold pieces (gained 9).
You open the door.
A hobgoblin comes into view.
The hobgoblin shouts!
A hobgoblin is nearby!
A hobgoblin is nearby!
You make a move on Xom's chessboard...
The hobgoblin falls asleep!
The chess piece greys!
No target in range!
No target in range!
No target in range!
No target in range!
No target in range!
No target in range!
The hobgoblin shouts!
There is an open door here.
The hobgoblin hits you. 😕 HP[-1]
You take 1 damage, and now have 33/34 hp.
You hit the hobgoblin.
The hobgoblin seems to grow stronger.
Xom is highly amused!
The hobgoblin barely misses you.
You hit the hobgoblin.
You feel better.
You kill the hobgoblin! 😎 HP[+1]
Your hp is fully restored (34).
A worm and a kobold come into view.
The kobold shouts!
The kobold throws a stone.
The stone barely misses you.
The worm moves out of view.
A kobold is nearby!
A kobold is nearby!
A kobold is nearby!
An endoplasm comes into view.
A hobgoblin comes into view.
The endoplasm quivers.
The hobgoblin shouts!
The kobold barely misses you.
You barely miss the kobold. You hit the endoplasm. You burn the endoplasm.
You hit the worm. You burn the worm.
The endoplasm hits you but does no damage.
The kobold barely misses you. The worm closely misses you.
You closely miss the kobold. You hit the worm.
The worm appears confused.
You hit the endoplasm. You burn the endoplasm.
You kill the endoplasm!
The kobold hits you with a +0 whip. 😕 HP[-4]
You take 4 damage, and now have 30/34 hp.
You closely miss the kobold. The kobold misses you.
You hit the kobold.
You feel better.
You hit the hobgoblin.
You kill the hobgoblin!
The kobold hits you but does no damage. 😕 HP[+1]
You closely miss the kobold. You hit the worm.
The worm flickers and vanishes for a moment.
The kobold hits you with a +0 whip. 😕 HP[-1]
You take 1 damage, and now have 30/34 hp.
You barely miss the kobold. You hit the worm. You freeze the worm.
The kobold hits you with a +0 whip.
You closely miss the kobold. You hit the worm.
The worm evaporates and reforms as a hornet!
The kobold hits you with a +0 whip. The hornet stings you!
* * * LOW HITPOINT WARNING * * *
😨 HP[-13]
You take 13 damage, and now have 17/34 hp.
MASSIVE DAMAGE!! (PAUSE)
You closely miss the kobold. You hit the hornet.
The hornet seems to speed up.
Xom thinks this is hilarious!
The hornet stings you!
* * * LOW HITPOINT WARNING * * *
The kobold hits you with a +0 whip.
* * * LOW HITPOINT WARNING * * *
The hornet stings you.
You die...
Xom giggles madly!

Skill      XL: |  1  2 |
---------------+-------+-----
Axes           | 4 |  4.6
Fighting       | |  3.0
Armour         | |  1.5
Dodging        | |  0.7

Action                   || total
-------------------------++-------
Melee: Hand axe          ||    77
       Punch             ||     2
Evoke: Piece from Xom's  ||    17
  Use: Scroll            ||     2
 Stab: Petrified         ||     1
       Paralysed         ||     1
Armor: Leather armour    ||    32
Dodge: Dodged            ||    41

Levels and vault maps discovered:
D:1:      minmay_arrival_diagonal_passages, layout_rooms, st_stairs_4,
          chequers_serial_rivers_small_b
D:2:      layout_basic, minmay_pentomino_s2

Notes
Turn   | Place    | Note
-------+----------+-------------------------------------------
     0 | D:1      | spaghetti the Naga Chaos Knight began the quest for the
                  | Orb.
     0 | D:1      | Reached XP level 1. HP: 21/21 MP: 1/1
     0 | D:1      | magus.rc [v1.9.6]
   200 | D:1      | Reached XP level 2. HP: 24/28 MP: 2/2
   252 | D:1      | You pick up a book of Dangerous Friends and begin
                  | reading...
   252 | D:1      | You add the spells Summon Guardian Golem, Orb of
                  | Destruction and Spellforged Servitor to your library.
   417 | D:1      | XOM: 1-stop teleportation journey
   429 | D:1      | You add the spells Ignite Poison, Mephitic Cloud and
                  | Freezing Cloud to your library.
   532 | D:1      | Reached skill level 4 in Axes
   723 | D:1      | XOM: silly message
   725 | D:1      | Identified a scroll of acquirement
   920 | D:2      | Reached XP level 3. HP: 30/34 MP: 3/3
   974 | D:2      | XOM: 1-stop teleportation journey
  1067 | D:2      | You pick up a book of Fire and begin reading...
  1067 | D:2      | You add the spells Fireball, Starburst and Ignition to your
                  | library.
  1279 | D:2      | Noticed a hornet
  1279 | D:2      | a worm changed into a hornet
  1280 | D:2      | HP: 8/34 [hornet (9)]
  1280 | D:2      | Slain by a hornet

Vanquished Creatures
  An adder (D:2)
  A dart slug (D:2)
  5 endoplasms
  A giant cockroach (D:1)
  3 goblins
  4 hobgoblins (D:2)
  3 jackals (D:1)
  A quokka (D:2)
  4 ball pythons
  2 bats
  3 frilled lizards
  3 kobolds (D:1)
  4 rats
35 creatures vanquished.

Table legend:
 A = Non-vault XP
 B = Vault XP
 C = Vault XP percentage of total XP
 D = Non-vault monster count
 E = Vault monster count
 F = Vault count percentage of total count
                 A         B        C        D         E       F
            +---------+---------+-------+---------+---------+-------
      Total |      65 |       5 |   7.1 |      32 |       3 |   8.6
            +---------+---------+-------+---------+---------+-------
        D:1 |      24 |       3 |  11.1 |      16 |       2 |  11.1
        D:2 |      41 |       2 |   4.7 |      16 |       1 |   5.9
            +---------+---------+-------+---------+---------+-------

Illustrated notes

Table legend:
 A = Kills in this place as a percentage of kills in entire the game.
 B = Kills by you in this place as a percentage of kills by you in the entire game.
 C = Kills by friends in this place as a percentage of kills by friends in the entire game.
 D = Other kills in this place as a percentage of other kills in the entire game.
 E = Experience gained in this place as a percentage of experience gained in the entire game.
 F = Experience gained in this place divided by the number of levels of this place that you have seen.
                   A       B       C       D       E      F
               +-------+-------+-------+-------+-------+----------------------
         Total | 100.0 | 100.0 |   N/A |   N/A | 100.0 |  35.0
       Dungeon | 100.0 | 100.0 |   N/A |   N/A | 100.0 |  35.0
               +-------+-------+-------+-------+-------+----------------------

Table legend: (Time is in decaauts)
 A = Elapsed time spent in this place.
 B = Non-inter-level travel time spent in this place.
 C = Inter-level travel time spent in this place.
 D = Time resting spent in this place.
 E = Time spent auto-exploring this place.
 F = Levels seen in this place.
 G = Mean time per level.
                   A        B        C        D        E       F      G
               +--------+--------+--------+--------+--------+-----+--------+
         Total |   1551 |   1536 |     15 |    110 |   1141 |   2 |  775.5 |
       Dungeon |   1551 |   1536 |     15 |    110 |   1141 |   2 |  775.5 |
               +--------+--------+--------+--------+--------+-----+--------+

Top non-repeatable levels by time:
     D:1: 986 daAuts
     D:2: 564 daAuts
